 Dungeon Sprint DCSS version 0.26-a0-663-g36e8fdb655 (webtiles) character file.

Game seed: 8088879803645337572

2787955 olmar the Petrodigitator (level 22, 151/228 HPs)
             Began as a Deep Dwarf Earth Elementalist on Oct 12, 2020.
             Was an Initiate of Gozag.
             Escaped with the Orb
             ... and 3 runes on Oct 13, 2020!
             The game lasted 01:09:19 (26710 turns).

olmar the Petrodigitator (DDEE)                    Turns: 26710, Time: 01:09:19

Health: 151/228    AC: 17    Str: 11    XL:     22   Next: 35%
Magic:  16/53      EV: 44    Int: 31    God:    Gozag
Gold:   8110       SH: 18    Dex: 25    Spells: 39/75 levels left

rFire    + + .     SeeInvis +   O - staff of earth
rCold    + + +     Faith    .   c - +1 buckler {rPois}
rNeg     + + +     Spirit   .   n - +2 robe {rC+ rF+}
rPois    +         Reflect  +   K - +2 helmet {Int+3}
rElec    +         Harm     .   m - scarf {rC+ rF+}
rCorr    .         Rampage  .   q - +0 pair of fencer's gloves {Riposte Dex+3}
MR       +++..     NoTele   +   F - +2 pair of boots "Xopnew" {Dex+6 SInv}
Stlth    ++++......             R - amulet of Grontol {Reflect rElec Dex+3 SH+5}
HPRegen  0.00/turn              G - ring "Feepryph" {+Blink rPois rN++ Str-5 Int+6}
MPRegen  0.33/turn              z - ring "Ishuat" {rC+ EV+6 Str+3 Int-3}

@: non-regenerating, studying Long Blades
A: damage resistance, heal wounds, blurry vision 1, deterioration 1, frail 1,
negative energy resistance 1, sense surroundings 3, no regeneration
0: Orb of Zot
}: 3/3 runes: silver, golden, iron
a: Heal Wounds, Potion Petition, Call Merchant, Bribe Branch, Renounce Religion,
Evoke Blink


You escaped.
You worshipped Gozag.
Gozag was greatly pleased with you.
You visited 1 branch You collected 56601 gold pieces.
You spent 4601 gold pieces at shops.
You paid 43890 gold pieces to Gozag.

Inventory:

Armour
 c - a +1 buckler of poison resistance (worn)
 m - a scarf of resistance (worn)
 n - a +2 robe of resistance (worn)
 q - the +0 pair of fencer's gloves (worn) {Riposte Dex+3}
   (You found it in the Dungeon)

   It affects your dexterity (+3).
 F - the +2 pair of boots "Xopnew" (worn) {Dex+6 SInv}
   (You found it in the Dungeon)

   It affects your dexterity (+6).
   It lets you see invisible.
 K - a +2 helmet of intelligence (worn)
Magical Staves
 O - an uncursed staff of earth (weapon)
Jewellery
 b - the ring of Haerippaf {+Inv rF++ rN+ rCorr}
   (You found it in the Dungeon)

   [ring of resist corrosion]

   It greatly protects you from fire.
   It protects you from negative energy.
   It lets you turn invisible.
   It provides partial protection from all sources of acid and corrosion.
 e - the amulet "Giopp" {MR+ Regen+}
   (You found it in the Dungeon)

   [amulet of regeneration]

   It affects your resistance to hostile enchantments.
   It increases your rate of regeneration.
 s - the ring "Gum Hun" {MR+ Str+4}
   (You found it in the Dungeon)

   [ring of protection from magic]

   It affects your strength (+4).
   It affects your resistance to hostile enchantments.
 z - the ring "Ishuat" (right hand) {rC+ EV+6 Str+3 Int-3}
   (You found it in the Dungeon)

   [ring of evasion]

   It affects your evasion (+6).
   It affects your strength (+3).
   It affects your intelligence (-3).
   It protects you from cold.
 C - the amulet of the Harvest {Regen+ MP+9 Dex+4 Stlth+}
   (You found it in the Dungeon)

   [amulet of regeneration]

   It affects your dexterity (+4).
   It affects your magic capacity (+9).
   It increases your rate of regeneration.
   It makes you more stealthy.
 E - the ring of Fosoibli {rPois rN++ Int+2 Dex+3 Slay-3}
   (You found it in the Dungeon)

   [ring of poison resistance]

   It affects your intelligence (+2).
   It affects your dexterity (+3).
   It affects your accuracy and damage with ranged weapons and melee attacks
   (-3).
   It protects you from poison.
   It greatly protects you from negative energy.
 G - the ring "Feepryph" (left hand) {+Blink rPois rN++ Str-5 Int+6}
   (You found it in the Dungeon)

   [ring of intelligence]

   It affects your strength (-5).
   It affects your intelligence (+6).
   It protects you from poison.
   It greatly protects you from negative energy.
   It lets you blink.
 H - the ring "Ecotramyce" {Fire +Blink rElec}
   (You found it in the Dungeon)

   [ring of fire]

   It enhances your fire magic.
   It protects you from fire.
   It makes you vulnerable to cold.
   It insulates you from electricity.
   It lets you blink.
 I - the ring "Isoof" {rElec rPois rC+++ MR- Str+4}
   (You found it in the Dungeon)

   [ring of poison resistance]

   It affects your strength (+4).
   It renders you almost immune to cold.
   It insulates you from electricity.
   It protects you from poison.
   It affects your resistance to hostile enchantments.
 J - the ring "Nerphohul" {rPois rCorr Str+4 Int-4}
   (You found it in the Dungeon)

   [ring of resist corrosion]

   It affects your strength (+4).
   It affects your intelligence (-4).
   It protects you from poison.
   It provides partial protection from all sources of acid and corrosion.
 P - the amulet of Zeschuosch {Spirit *Contam rN+ MR+ Str+3}
   (You found it in the Dungeon)

   [amulet of guardian spirit]

   It causes incoming damage to be split between your health and magic.
   It affects your strength (+3).
   It protects you from negative energy.
   It affects your resistance to hostile enchantments.
   It causes magical contamination when unequipped.
 R - the amulet of Grontol (around neck) {Reflect rElec Dex+3 SH+5}
   (You found it in the Dungeon)

   [amulet of reflection]

   It shields you and reflects attacks.
   It affects your dexterity (+3).
   It insulates you from electricity.
   It affects your SH (+5).
 S - the amulet of the Dragon {Reflect rF+ Dex-5 Slay+6 SH+5}
   (You took it off a hell knight in the Dungeon)

   [amulet of reflection]

   It shields you and reflects attacks.
   It affects your dexterity (-5).
   It affects your accuracy and damage with ranged weapons and melee attacks
   (+6).
   It protects you from fire.
   It affects your SH (+5).
 V - the ring of Sixkiu {rPois rC+ SInv}
   (You found it in the Dungeon)

   [ring of see invisible]

   It protects you from cold.
   It protects you from poison.
   It lets you see invisible.
 W - the ring "Uhearep" {rN+ MR+ Str+2}
   (You found it in the Dungeon)

   [ring of positive energy]

   It affects your strength (+2).
   It protects you from negative energy.
   It affects your resistance to hostile enchantments.
 X - a +4 ring of evasion
 Y - an uncursed ring of positive energy
 Z - a +4 ring of evasion
Wands
 p - a wand of polymorph (9)
 x - a wand of paralysis (8)
 L - a wand of iceblast (12)
 M - a wand of digging (4)
Scrolls
 d - a scroll of magic mapping
 i - 5 scrolls of blinking
 j - 10 scrolls of remove curse
 k - 6 scrolls of amnesia
 l - a scroll of summoning
 o - a scroll of fog
 u - 9 scrolls of identify
 y - 9 scrolls of enchant weapon
 A - 3 scrolls of fear
 D - 5 scrolls of enchant armour
Potions
 a - 5 potions of berserk rage
 f - 8 potions of haste
 h - 2 potions of invisibility
 v - 7 potions of might
 w - 10 potions of mutation
 N - 9 potions of magic
 Q - 2 potions of flight
Books
 T - a manual of Long Blades
Miscellaneous
 g - the horn of Geryon
 r - a lightning rod (4/4)
 t - a condenser vane (2/2)
 B - a box of beasts (2/3)
 U - a phial of floods


   Skills:
 O Level 27 Fighting
 - Level 5.7 Long Blades
 O Level 27 Staves
 + Level 12.7 Throwing
 O Level 27 Armour
 O Level 27 Dodging
 O Level 27 Stealth
 O Level 27 Shields
 O Level 27 Spellcasting
 O Level 27 Conjurations
 - Level 3.0 Transmutations
 O Level 27 Earth Magic
 O Level 27 Evocations


You had 39 spell levels left.
You knew the following spells:

 Your Spells              Type           Power        Failure   Level
a - Sandblast             Erth           ######       0%          1
b - Lee's Rapid Deconstr  Erth           ########..   0%          5
c - Petrify               Tmut/Erth      ########     0%          4
d - Shatter               Erth           ########..   1%          9
e - Stone Arrow           Conj/Erth      ######       0%          3
f - Iron Shot             Conj/Erth      ########..   0%          6
g - Lehudib's Crystal Sp  Conj/Erth      ########..   1%          8

Your spell library contained the following spells:

 Spells                   Type           Power        Failure   Level
 Magic Dart               Conj           ####         0%          1
 Shock                    Conj/Air       ####         0%          1
 Passwall                 Tmut/Erth      ########     0%          2
 Conjure Flame            Conj/Fire      #######.     0%          3
 Static Discharge         Conj/Air       #######.     0%          3
 Bolt of Magma            Conj/Fire/Erth ########..   0%          5
 Iskenderun's Battlesphe  Conj           ########     0%          5
 Orb of Destruction       Conj           ########..   0%          7
 Animate Skeleton         Necr           #####.       1%          1
 Apportation              Tloc           #####.       1%          1
 Beastly Appendage        Tmut           ######       1%          1
 Corona                   Hex            #####..      1%          1
 Pain                     Necr           ####         1%          1
 Blink                    Tloc           N/A          1%          2
 Call Imp                 Summ           #####...     1%          2
 Corpse Rot               Necr/Air       N/A          1%          2
 Ensorcelled Hibernation  Hex/Ice        #####.       1%          2
 Poisonous Vapours        Pois/Air       #####.       1%          2
 Slow                     Hex            #####...     1%          2
 Wereblood                Tmut           ######..     1%          2
 Inner Flame              Hex/Fire       #####...     1%          3
 Lesser Beckoning         Tloc           #####.....   1%          3
 Mephitic Cloud           Conj/Pois/Air  #######.     1%          3
 Portal Projectile        Hex/Tloc       #####.       1%          3
 Spider Form              Tmut/Pois      ######....   1%          3
 Tukima's Dance           Hex            #####...     1%          3
 Vampiric Draining        Necr           #####.....   1%          3
 Hailstorm                Conj/Ice       #######.     1%          4
 Leda's Liquefaction      Hex/Erth       ########..   1%          4
 Borgnjor's Vile Clutch   Necr/Erth      ########..   1%          5
 Lightning Bolt           Conj/Air       #######...   1%          5
 Spellforged Servitor     Conj/Summ      #######...   1%          7
 Ice Form                 Ice/Tmut       ######..     3%          4
 Blade Hands              Tmut           ######....   4%          5
 Animate Dead             Necr           #####.....   5%          4
 Cause Fear               Hex            #####.....   5%          4
 Alistair's Intoxication  Tmut/Pois      ######...    9%          5
 Chain Lightning          Conj/Air       #######...   14%         8
 Agony                    Necr           #####...     16%         5
 Silence                  Hex/Air        #####.....   16%         5
 Summon Forest            Summ/Tloc      #####.....   16%         5
 Hydra Form               Tmut           ######....   26%         6
 Eringya's Noxious Bog    Tmut/Pois      ######....   43%         6
 Death Channel            Necr           #####.....   65%         6
 Invisibility             Hex            #####...     65%         6
 Shadow Creatures         Summ           N/A          65%         6
 Simulacrum               Ice/Necr       #####.....   65%         6
 Fire Storm               Conj/Fire      #######...   92%         9
 Summon Hydra             Summ           #####.....   99%         7
 Ignition                 Fire           #####.....   100%        8
 Absolute Zero            Ice            #####.....   100%        9
 Tornado                  Air            #####.....   100%        9


Dungeon Overview and Level Annotations

Branches:
Dungeon (1/1)

Altars:
Ashenzari
Cheibriados
Dithmenos
Elyvilon
Fedhas
Gozag
Hepliaklqana
Kikubaaqudgha
Makhleb
Nemelex Xobeh
Okawaru
Qazlal
Ru
Sif Muna
Trog
Uskayaw
Vehumet
Wu Jian
Xom
Yredelemnul
Zin
The Shining One
Beogh
Jiyva
Lugonu

Shops:
D [*[[*[[?}[}?[[*


Innate Abilities, Weirdness & Mutations

You are resistant to damage.
You can heal yourself by infusing magical energy.
You resist negative energy. (rN+)
You passively map a large area around you.
You do not regenerate.
Scrolls take you a little longer to read.
Your body sometimes deteriorates upon taking damage.
You are frail. (-10% HP)


Message History

An Orb Guardian comes into view.
You block the Orb Guardian's attack.
There is an open door to the Entrance Hall (Safe) here.
Your primal stingbat beast hits the Orb Guardian!
Your primal stingbat beast barely misses the Orb Guardian.
The Orb Guardian hits you.
Your primal stingbat beast barely misses the Orb Guardian.
Your primal stingbat beast stings the Orb Guardian but does no damage.
Your primal stingbat beast hits the Orb Guardian!!
Your primal stingbat beast completely misses the Orb Guardian.
You block the Orb Guardian's attack.
There is a staircase leading out of the dungeon here.
Your primal stingbat beast hits the Orb Guardian!
Your primal stingbat beast stings the Orb Guardian!!
The Orb Guardian hits your primal stingbat beast but does no damage.
Your primal stingbat beast misses the Orb Guardian.
Your primal stingbat beast stings the Orb Guardian.
The Orb Guardian looks as sick as possible!
Your primal stingbat beast poisons the Orb Guardian!
You have escaped!

##########.##................''..
#.[[).......'...........∩∩∩[∩''..
#'#####'#####......#..#..∩...##..
#.#..#..#..##................##..
#.#..+..'..#####'#####''#########
#.##'####'###.......##''#########
#)#........##..HH...##..#........
#)#........##...X...##..##.......
#)#####'#####...@...##..####...#'
#)#...)))[.##.......##..#..#####.
#)#...)))[.##1......##.[#....##..
#'###########.......##.[')....#..
#.......#..###########.)'[..(.)[.
#..#.#..#.############..'.....#..
#.##.##.#)#....#..[.##..#....##..
#.......#'#....#..[.##..#..#####.
#.##.##.#.'....'...)##..####...#'


You could see a Brimstone Fiend, an Orb Guardian (extremely poisoned) and 2
friendly mutant beasts.

Vanquished Creatures
  the Serpent of Hell (D)
  Mnoleg (D)
  3 pandemonium lords (D)
  Khufu (D)
  4 ancient liches (D)
  An orb of fire (D)
  Mennas (D)
  9 greater mummies (D)
  Boris (D)
  2 Killer Klowns (D)
  Margery (D)
  Frederick (D)
  Saint Roka (D)
  A curse toe (D)
  Geryon (D)
  A golden dragon (D)
  3 bone dragons (D)
  2 electric golems (D)
  3 pearl dragons (D)
  3 Tzitzimimeh (D)
  2 Brimstone Fiends (D)
  12 liches (D)
  A Hell Sentinel (D)
  A tentacled monstrosity (D)
  Rupert (D)
  5 Ice Fiends (D)
  9 Orb Guardians (D)
  A quicksilver dragon (D)
  3 deep elf master archers (D)
  Murray (D)
  A deep elf blademaster (D)
  3 titans (D)
  4 Executioners (D)
  Frances (D)
  2 sphinxes (D)
  4 shadow dragons (D)
  An azure jelly (D)
  Ilsuiw (D)
  3 storm dragons (D)
  2 daevas (D)
  A deep elf sorcerer (D)
  A draconian knight (D)
  4 fire giants (D)
  2 orc warlords (D)
  4 nagarajas (D)
  5 frost giants (D)
  2 balrugs (D)
  2 draconian shifters (D)
  2 ghost moths (D)
  A cacodemon (D)
  A draconian scorcher (D)
  Louise (D)
  10 ghouls (D)
  A draconian stormcaller (D)
  An angel (D)
  A spriggan defender (D)
  2 green draconians (D)
  2 stone giants (D)
  An apis (D)
  An ophan (D)
  A black draconian (D)
  6 vampire knights (D)
  A deep elf demonologist (D)
  A deep elf annihilator (D)
  A dire elephant (D)
  A purple draconian (D)
  A red draconian (D)
  2 merfolk javelineers (D)
  An eidolon (D)
  3 green deaths (D)
  3 blizzard demons (D)
  3 deep elf death magi (D)
  3 fire dragons (D)
  A death ooze (D)
  An ettin (D)
  3 merfolk impalers (D)
  2 yaktaur captains (D)
  3 mummy priests (D)
  Josephine (D)
  2 deep elf high priests (D)
  A boulder beetle (D)
  8 vault guards (D)
  A naga warrior (D)
  4 ice dragons (D)
  An alligator snapping turtle (D)
  A death knight (D)
  2 merfolk aquamancers (D)
  A catoblepas (D)
  An ogre mage (D)
  2 two-headed ogres (D)
  A vampire mage (D)
  2 deep elf knights (D)
  A soul eater (D)
  6 skeletal warriors (D)
  2 fire crabs (D)
  A shadow wraith (D)
  2 iron trolls (D)
  2 deep trolls (D)
  A sixfirhy (D)
  A spriggan druid (D)
  An unseen horror (D)
  12 hell knights (D)
  A flayed ghost (D)
  2 cherubim (D)
  8 wizards (D)
  A swamp dragon (D)
  A sea snake (D)
  12 orc knights (D)
  2 necromancers (D)
  An orc sorcerer (D)
  5 harpies (D)
  4 deep elf magi (D)
  An ugly thing (D)
  A cyclops (D)
  4 elephants (D)
  Joseph (D)
  A molten gargoyle (D)
  A black mamba (D)
  4 guardian serpents (D)
  A merfolk siren (D)
  An orange demon (D)
  A hellion (D)
  A tormentor (D)
  A komodo dragon (D)
  A hellwing (D)
  3 guardian mummies (D)
  5 yaktaurs (D)
  2 kobold demonologists (D)
  3 efreet (D)
  A demonic crawler (D)
  2 ice devils (D)
  A troll (D)
  A tyrant leech (D)
  2 hornets (D)
  A jumping spider (D)
  12 merfolk (D)
  11 dream sheep (D)
  2 redbacks (D)
  3 blink frogs (D)
  3 ynoxinuls (D)
  A tarantella (D)
  An air elemental (D)
  5 water elementals (D)
  A vampire (D)
  3 spriggans (D)
  3 wraiths (D)
  5 yaks (D)
  4 humans (D)
  A fire bat (D)
  4 golden eyes (D)
  A neqoxec (D)
  3 chaos spawn (D)
  4 vampire mosquitoes (D)
  A water moccasin (D)
  3 hell hounds (D)
  2 wargs (D)
  5 floating eyes (D)
  An ice beast (D)
  A sky beast (D)
  5 orc warriors (D)
  An eye of draining (D)
  A necrophage (D)
  A small abomination (D)
  5 wolves (D)
  An ogre (D)
  A centaur (D)
  A gnoll sergeant (D)
  A scorpion (D)
  3 killer bees (D)
  3 wights (D)
  2 crimson imps (D)
  An orc priest (D)
  2 gnoll shamans (D)
  4 orc wizards (D)
  2 worker ants (D)
  A mummy (D)
  11 gnolls (D)
  An adder (D)
  A river rat (D)
  6 adder zombies (D)
  An ooze (D)
  3 adder skeletons (D)
  5 adder simulacra (D)
  A leopard gecko (D)
  13 orcs (D)
  A bat skeleton (D)
  3 bat zombies (D)
  3 giant cockroaches (D)
  2 goblins (D)
  7 jackals (D)
  2 ball python simulacra (D)
  A ball python zombie (D)
  2 bat simulacra (D)
  A frilled lizard (D)
  2 giant cockroach simulacra (D)
  3 giant cockroach zombies (D)
  2 kobolds (D)
  A leopard gecko simulacrum (D)
  5 leopard gecko skeletons (D)
  A leopard gecko zombie (D)
  3 quokka simulacra (D)
511 creatures vanquished.

Vanquished Creatures (collateral kills)
  Antaeus (D)
  Dissolution (D)
  Asmodeus (D)
  2 ancient liches (D)
  Dispater (D)
  Mara (D)
  3 pandemonium lords (D)
  A curse toe (D)
  A bone dragon (D)
  An electric golem (D)
  A Hell Sentinel (D)
  An Ice Fiend (D)
  A hellephant (D)
  A lich (D)
  17 Orb Guardians (D)
  4 deep elf blademasters (D)
  A titan (D)
  A shadow dragon (D)
  A daeva (D)
  A nagaraja (D)
  2 azure jellies (D)
  A balrug (D)
  An angel (D)
  An orc warlord (D)
  2 reapers (D)
  A draconian scorcher (D)
  A stone giant (D)
  A yellow draconian (D)
  A red draconian (D)
  A white draconian (D)
  A green death (D)
  A blizzard demon (D)
  6 vault guards (D)
  A sixfirhy (D)
  12 hell knights (D)
  7 wizards (D)
  4 necromancers (D)
  A hellion (D)
  A guardian mummy (D)
  9 humans (D)
  3 orc warriors (D)
  An eye of draining (D)
  2 orcs (D)
103 creatures vanquished.

Vanquished Creatures (others)
  A cacodemon (D)
  An ice dragon (D)
  2 dancing weapons (D)
  A troll (D)
  3 water elementals (D)
  A golden eye (D)
  An adder simulacrum (D)
10 creatures vanquished.

Grand Total: 624 creatures vanquished

Notes
Turn   | Place    | Note
-------+----------+-------------------------------------------
     0 | D        | olmar the Deep Dwarf Earth Elementalist began the quest for
                  | the Orb.
     0 | D        | Reached XP level 1. HP: 15/15 MP: 3/3
    17 | D        | Reached XP level 2. HP: 22/22 MP: 0/5
    44 | D        | Found a glowing golden altar of the Shining One.
    44 | D        | Found a glowing silver altar of Zin.
    44 | D        | Found a basalt altar of Yredelemnul.
    44 | D        | Found a shimmering altar of Xom.
    44 | D        | Found an ornate altar of the Wu Jian Council.
    44 | D        | Found a bloodstained altar of Trog.
    44 | D        | Found a shimmering blue altar of Sif Muna.
    44 | D        | Found a sacrificial altar of Ru.
    44 | D        | Found a stormy altar of Qazlal.
    44 | D        | Found an iron altar of Okawaru.
    44 | D        | Found a sparkling altar of Nemelex Xobeh.
    44 | D        | Found a burning altar of Makhleb.
    44 | D        | Found a viscous altar of Jiyva.
    44 | D        | Found a hazy altar of Hepliaklqana.
    44 | D        | Found an opulent altar of Gozag.
    44 | D        | Found a blossoming altar of Fedhas.
    44 | D        | Found a white marble altar of Elyvilon.
    44 | D        | Found a shadowy altar of Dithmenos.
    44 | D        | Found a snail-covered altar of Cheibriados.
    45 | D        | Found a radiant altar of Vehumet.
    45 | D        | Found a corrupted altar of Lugonu.
    45 | D        | Found a roughly hewn altar of Beogh.
    46 | D        | Found an ancient bone altar of Kikubaaqudgha.
    46 | D        | Found a hide-covered altar of Uskayaw.
    46 | D        | Found a broken altar of Ashenzari.
    48 | D        | Became a worshipper of Gozag Ym Sagoz the Greedy
   206 | D        | Reached XP level 3. HP: 19/28 MP: 0/8
   470 | D        | Reached XP level 4. HP: 23/36 MP: 8/10
   633 | D        | Reached skill level 5 in Spellcasting
   633 | D        | Reached skill level 10 in Earth Magic
   680 | D        | Reached XP level 5. HP: 42/42 MP: 8/13
   687 | D        | Learned a level 5 spell: Lee's Rapid Deconstruction
   776 | D        | Noticed a floating eye
   783 | D        | Killed a floating eye
   783 | D        | Reached XP level 6. HP: 49/49 MP: 4/17
  1322 | D        | Reached XP level 7. HP: 55/55 MP: 12/19
  1440 | D        | Learned a level 4 spell: Petrify
  1440 | D        | Noticed a jumping spider
  1499 | D        | Killed a jumping spider
  1499 | D        | Reached skill level 10 in Spellcasting
  1499 | D        | Reached skill level 1 in Transmutations
  1499 | D        | Reached skill level 15 in Earth Magic
  1499 | D        | Noticed a spriggan
  1500 | D        | Killed a spriggan
  1500 | D        | Reached XP level 8. HP: 62/62 MP: 10/22
  1993 | D        | Killed an unseen horror
  2223 | D        | Noticed a dream sheep
  2223 | D        | Noticed a dream sheep
  2223 | D        | Noticed a dream sheep
  2223 | D        | Noticed a dream sheep
  2223 | D        | Noticed a dream sheep
  2225 | D        | Killed a dream sheep
  2225 | D        | Killed a dream sheep
  2225 | D        | Gained mutation: You passively map the area around you.
                  | [Deep Dwarf growth]
  2225 | D        | Reached XP level 9. HP: 68/68 MP: 18/25
  2227 | D        | Noticed a tyrant leech
  2227 | D        | Noticed a deep troll
  2234 | D        | Killed a tyrant leech
  2263 | D        | Killed a deep troll
  2263 | D        | Reached XP level 10. HP: 64/75 MP: 16/27
  3096 | D        | Noticed a merfolk javelineer
  3097 | D        | Noticed a merfolk siren
  3098 | D        | Killed a merfolk siren
  3099 | D        | Killed a merfolk javelineer
  3099 | D        | Reached skill level 15 in Spellcasting
  3113 | D        | Reached XP level 11. HP: 37/81 MP: 6/30
  4156 | D        | Noticed Josephine
  4158 | D        | Killed Josephine
  4793 | D        | Noticed a fire crab
  4793 | D        | Noticed a flayed ghost
  4795 | D        | Killed a shadow wraith
  4796 | D        | Noticed a deep elf mage
  4797 | D        | Killed a flayed ghost
  4797 | D        | Killed a fire crab
  4797 | D        | Noticed Joseph
  4798 | D        | Killed Joseph
  4798 | D        | Killed a deep elf mage
  5508 | D        | Got the cursed +1 dagger of Disorder {speed, Dex+4}
  5564 | D        | Bought a scarf of resistance for 576 gold pieces
  5564 | D        | Bought a +2 robe of resistance for 678 gold pieces
  5564 | D        | Bought a +0 pair of boots of flying for 207 gold pieces
  5597 | D        | Bought a potion of heal wounds for 130 gold pieces
  5597 | D        | Bought a potion of mutation for 208 gold pieces
  5599 | D        | Bought a glowing buckler for 247 gold pieces
  5841 | D        | Killed a ghost moth
  5841 | D        | Reached XP level 12. HP: 34/88 MP: 5/33
  6194 | D        | Noticed a boulder beetle
  6199 | D        | Killed a boulder beetle
  6203 | D        | Noticed an alligator snapping turtle
  6637 | D        | Killed an alligator snapping turtle
  6850 | D        | Noticed a two-headed ogre
  6853 | D        | Killed a two-headed ogre
  6905 | D        | Noticed a lich
  6910 | D        | Killed a lich
  6910 | D        | Noticed a white draconian shifter
  6914 | D        | Noticed Frances
  6914 | D        | Noticed a deep elf high priest
  6914 | D        | Noticed an ogre mage
  6914 | D        | Noticed a nagaraja
  6914 | D        | Noticed a sphinx
  6937 | D        | Killed an ogre mage
  6946 | D        | Killed a white draconian shifter
  6988 | D        | Killed a nagaraja
  7149 | D        | Killed Frances
  7201 | D        | Noticed a fire giant
  7250 | D        | Killed a sphinx
  7250 | D        | Reached XP level 13. HP: 59/94 MP: 15/36
  7468 | D        | Reached skill level 27 in Earth Magic
  7479 | D        | Noticed a deep elf sorcerer
  7481 | D        | Killed a deep elf sorcerer
  7530 | D        | Noticed a deep elf death mage
  7532 | D        | Killed a deep elf death mage
  7534 | D        | Killed a ghostly deep elf death mage
  7606 | D        | Killed a fire giant
  7757 | D        | Noticed a yellow draconian scorcher
  7762 | D        | Killed a yellow draconian scorcher
  7980 | D        | Noticed a green draconian
  7984 | D        | Killed a green draconian
  8289 | D        | Noticed a stone giant
  8294 | D        | Killed a stone giant
  8324 | D        | Killed a ghost moth
  8367 | D        | Noticed a red draconian
  8375 | D        | Killed a red draconian
  8524 | D        | Noticed a lich
  8529 | D        | Killed a lich
  8581 | D        | Noticed a deep elf death mage
  8584 | D        | Killed a deep elf death mage
  8649 | D        | Noticed a deep elf demonologist
  8651 | D        | Killed a deep elf demonologist
  8656 | D        | Noticed an eidolon
  8658 | D        | Killed an eidolon
  8686 | D        | Noticed a deep elf death mage
  8688 | D        | Killed a deep elf death mage
  8867 | D        | Noticed an orc warlord
  8869 | D        | Noticed an orc warlord
  8897 | D        | Gained mutation: You resist negative energy. (rN+) [Deep
                  | Dwarf growth]
  8897 | D        | Reached XP level 14. HP: 76/102 MP: 7/41
  8962 | D        | Noticed a daeva
  8966 | D        | Killed a daeva
  9105 | D        | Got Sif Muna's Catalogue of Congealing Weightlessness
  9126 | D        | Got the Grimoire of Malediction and Necromancy
  9129 | D        | Got Sif Muna's Grimoire of Dusty Venom
  9147 | D        | Got the ring "Exzuskiusch" {EV+6 SInv}
  9149 | D        | Got the ring "Ibynemp" {Str+6 Int+3 Slay+3 Stlth+}
  9151 | D        | Got the ring "Javigiogup" {rElec rN+ Str+6 Dex-3}
  9153 | D        | Got the ring "Ishuat" {rC+ EV+6 Str+3 Int-3}
  9155 | D        | Got the ring "Jahige" {Fire Str+3 Int+4 Slay+3}
  9157 | D        | Got the ring of Undoing {Fire +Blink rElec MP-9}
  9159 | D        | Got the ring of Levity {rC+ Dex+2}
  9161 | D        | Got the ring of Xom's Recklessness {Slay+3 SInv}
  9163 | D        | Got the ring of Tewy {Fire MR++ Int+6 Slay-5}
  9165 | D        | Got the ring "Isoof" {rElec rPois rC+++ MR- Str+4}
  9167 | D        | Got the ring "Quiwadoa" {MR+ Str+4 Int+4}
  9169 | D        | Got the ring of Doors {rPois Dex+6}
  9171 | D        | Got the ring "Ziuffu" {Fire rN+ Str+5 Stlth-}
  9210 | D        | Got the ring "Esiumeosh" {rC- rN+ Int+2 Slay+5}
  9212 | D        | Got the amulet of Devotion {Inacc rC+}
  9214 | D        | Got the amulet of Grontol {Reflect rElec Dex+3 SH+5}
  9216 | D        | Got the amulet of Uwnas {Reflect Int+3 SH+5 SInv}
  9219 | D        | Got the amulet of Cotam {RegenMP Dex+3}
  9221 | D        | Got the amulet of Dautaed {Spirit rPois MR+}
  9223 | D        | Got the ring "Atal" {+Blink rN+ Str-3 Dex+3 Slay+5}
  9225 | D        | Got the amulet "Jinuq" {RegenMP Int+4}
  9228 | D        | Got the amulet of Abloaxes {Inacc rC+ Int+4}
  9240 | D        | Got the ring of Qovvekk {*Contam rPois rF+ MR+ Int+2}
  9242 | D        | Got the ring of Nudan {*Slow rElec rPois MR+ Int+2}
  9244 | D        | Got the ring "Numeebunt" {Dex+6 Slay+5}
  9246 | D        | Got the ring of Sinoc {Wiz rElec rPois}
  9418 | D        | Killed an orc warlord
  9535 | D        | Killed an orc warlord
 10263 | D        | Reached skill level 1 in Shields
 10499 | D        | Learned a level 9 spell: Shatter
 10508 | D        | Learned a level 3 spell: Stone Arrow
 10545 | D        | Noticed a frost giant
 10548 | D        | Killed a frost giant
 10552 | D        | Noticed a bone dragon
 10772 | D        | Noticed a frost giant
 10776 | D        | Killed a frost giant
 10876 | D        | Noticed a nagaraja
 10879 | D        | Killed a bone dragon
 10881 | D        | Killed a nagaraja
 10933 | D        | Reached skill level 27 in Spellcasting
 11214 | D        | Reached skill level 5 in Stealth
 11214 | D        | Reached XP level 15. HP: 109/109 MP: 35/46
 11283 | D        | Noticed Ilsuiw
 11285 | D        | Killed Ilsuiw
 11647 | D        | Noticed a fire giant
 11662 | D        | Reached skill level 5 in Shields
 11668 | D        | Reached skill level 10 in Stealth
 11672 | D        | Killed a fire giant
 11898 | D        | Noticed a sphinx
 11902 | D        | Killed a sphinx
 11904 | D        | Reached skill level 5 in Dodging
 12076 | D        | Noticed a greater mummy
 12084 | D        | Killed a greater mummy
 12084 | D        | Reached skill level 15 in Stealth
 12084 | D        | Reached skill level 10 in Shields
 12208 | D        | Noticed a Tzitzimitl
 12212 | D        | Killed a Tzitzimitl
 12318 | D        | Noticed a pearl dragon
 12331 | D        | Killed a pearl dragon
 12427 | D        | Bought a condenser vane (2/2) for 320 gold pieces
 12427 | D        | Bought a wand of paralysis (8) for 160 gold pieces
 12471 | D        | Reached skill level 1 in Evocations
 12616 | D        | Bought a box of beasts (3/3) for 280 gold pieces
 12629 | D        | Noticed a frost giant
 12633 | D        | Killed a frost giant
 12633 | D        | Reached skill level 5 in Fighting
 12949 | D        | Noticed a daeva
 12973 | D        | Killed a daeva
 12973 | D        | Reached skill level 10 in Dodging
 12973 | D        | Reached skill level 5 in Evocations
 13124 | D        | Bought a scroll of acquirement for 676 gold pieces
 13124 | D        | Bought a scroll of enchant armour for 97 gold pieces
 13125 | D        | Acquired 830 gold pieces
 13158 | D        | Noticed Mennas
 13165 | D        | Killed Mennas
 13211 | D        | Noticed an Executioner
 13213 | D        | Killed an Executioner
 13213 | D        | Reached skill level 10 in Evocations
 13213 | D        | Reached XP level 16. HP: 72/135 MP: 2/47
 13499 | D        | Reached skill level 15 in Shields
 13570 | D        | Noticed an orb of fire
 13608 | D        | Noticed Saint Roka
 13612 | D        | Killed Saint Roka
 14144 | D        | Killed an orb of fire
 14164 | D        | Reached skill level 15 in Evocations
 14386 | D        | Bought a potion of curing for 126 gold pieces
 14386 | D        | Bought a potion of curing for 126 gold pieces
 14652 | D        | Identified the +1 robe of the Thistle {*Contam *Drain Int+2
                  | Dex+8}
 14787 | D        | Identified the +12 whip of Nonain {vorpal, rN+ Dex+6}
 15124 | D        | Noticed a deep elf blademaster
 15130 | D        | Killed a deep elf blademaster
 15698 | D        | Learned a level 6 spell: Iron Shot
 15707 | D        | Learned a level 8 spell: Lehudib's Crystal Spear
 15922 | D        | Noticed an Executioner
 15924 | D        | Killed an Executioner
 16097 | D        | Found the +0 pair of fencer's gloves {Riposte Dex+3}
 16242 | D        | Reached skill level 10 in Fighting
 16243 | D        | Killed Rupert
 16271 | D        | Identified the +8 rapier of Rotten Valour {vorpal, *Corrode
                  | rElec Str-5 Int+5}
 16274 | D        | Reached XP level 17. HP: 111/154 MP: 4/48
 16288 | D        | Found the +6 Majin-Bo {vamp, MP+6 Int+6}
 16699 | D        | Got the amulet of the Dragon {Reflect rF+ Dex-5 Slay+6
                  | SH+5}
 16706 | D        | Got a silver rune of Zot
 16790 | D        | Noticed a golden dragon
 16804 | D        | Killed a golden dragon
 17023 | D        | Noticed a curse toe
 17029 | D        | Killed a curse toe
 17029 | D        | Reached skill level 15 in Dodging
 17325 | D        | Noticed a Killer Klown
 17333 | D        | Killed a Killer Klown
 17333 | D        | Reached skill level 27 in Evocations
 17444 | D        | Noticed a deep elf blademaster
 17446 | D        | Killed a deep elf blademaster
 17465 | D        | Noticed a lich
 17468 | D        | Killed a lich
 17469 | D        | Noticed a titan
 17469 | D        | Noticed a lich
 17469 | D        | Noticed a deep elf master archer
 17473 | D        | Killed a titan
 17473 | D        | Killed a deep elf master archer
 17473 | D        | Killed a lich
 17493 | D        | Gained mutation: You passively map a large area around you.
                  | [Deep Dwarf growth]
 17493 | D        | Reached XP level 18. HP: 110/171 MP: 3/49
 17842 | D        | Got the ring "Qaofasim" {+Fly rElec rF- Int+6 Dex+3}
 17844 | D        | Got the ring "Fokokkuh" {rN+ Int+4 SInv}
 17877 | D        | Got the ring of Haerippaf {+Inv rF++ rN+ rCorr}
 17934 | D        | Got the amulet of Veogel {Spirit *Drain rElec Str+4}
 18019 | D        | Got the ring of Panuah {rPois Stlth+}
 18021 | D        | Got the amulet of Cehih {RegenMP +Inv rElec SInv}
 18023 | D        | Got the ring of Yhapsoch {rElec MP+9 Int+4}
 18025 | D        | Got the ring "Feclaig" {rPois SInv}
 18107 | D        | Noticed an Ice Fiend
 18112 | D        | Killed an Ice Fiend
 18326 | D        | Noticed a pearl dragon
 18338 | D        | Killed a pearl dragon
 18400 | D        | Noticed Mnoleg
 18410 | D        | Noticed a tentacled monstrosity
 18412 | D        | Killed Mnoleg
 18567 | D        | Noticed Geryon
 18588 | D        | Killed Geryon
 18802 | D        | Noticed Dissolution
 18806 | D        | Killed Dissolution
 18806 | D        | Reached skill level 15 in Fighting
 18806 | D        | Reached skill level 27 in Stealth
 18903 | D        | Noticed a Tzitzimitl
 18904 | D        | Killed a Tzitzimitl
 19029 | D        | Noticed Piadijinu the pandemonium lord
 19037 | D        | Killed Piadijinu the pandemonium lord
 19037 | D        | Reached skill level 27 in Shields
 19261 | D        | Noticed an Ice Fiend
 19265 | D        | Killed an Ice Fiend
 19355 | D        | Noticed an Ice Fiend
 19359 | D        | Killed an Ice Fiend
 19364 | D        | Bought a scroll of magic mapping for 42 gold pieces
 19364 | D        | Bought a scroll of fog for 24 gold pieces
 19364 | D        | Bought 3 scrolls of blinking for 270 gold pieces
 19369 | D        | Bought a pair of embroidered boots for 202 gold pieces
 19396 | D        | Bought a potion of mutation for 232 gold pieces
 19504 | D        | Noticed a Killer Klown
 19509 | D        | Killed a Killer Klown
 19509 | D        | Reached XP level 19. HP: 156/193 MP: 21/50
 19509 | D        | Noticed the Serpent of Hell
 19513 | D        | Noticed Xuicess the pandemonium lord
 19535 | D        | Killed the Serpent of Hell
 19535 | D        | Reached skill level 27 in Dodging
 19584 | D        | Noticed a Brimstone Fiend
 19585 | D        | Killed Xuicess the pandemonium lord
 19591 | D        | Killed a Brimstone Fiend
 19749 | D        | Noticed a greater mummy
 19753 | D        | Killed a greater mummy
 20240 | D        | Noticed Khufu
 20251 | D        | Killed Khufu
 20669 | D        | Noticed Murray
 20681 | D        | Killed Murray
 20946 | D        | Noticed a Tzitzimitl
 20947 | D        | Noticed an electric golem
 20949 | D        | Noticed an ancient lich
 20950 | D        | Killed an ancient lich
 20950 | D        | Killed an electric golem
 20950 | D        | Killed a Tzitzimitl
 21181 | D        | Noticed an electric golem
 21181 | D        | Noticed Tyatafru the pandemonium lord
 21183 | D        | Killed an electric golem
 21186 | D        | Killed Tyatafru the pandemonium lord
 21364 | D        | Got the ring "Gum Hun" {MR+ Str+4}
 21366 | D        | Got the ring of Fosoibli {rPois rN++ Int+2 Dex+3 Slay-3}
 21370 | D        | Got the +2 pair of boots "Xopnew" {Dex+6 SInv}
 21394 | D        | Got the amulet of the Harvest {Regen+ MP+9 Dex+4 Stlth+}
 21396 | D        | Got the ring "Feepryph" {+Blink rPois rN++ Str-5 Int+6}
 21398 | D        | Got the ring "Ecotramyce" {Fire +Blink rElec}
 21403 | D        | Got an iron rune of Zot
 21405 | D        | Got the amulet "Giopp" {MR+ Regen+}
 21410 | D        | Got the ring "Nerphohul" {rPois rCorr Str+4 Int-4}
 21413 | D        | Got the amulet of Zeschuosch {Spirit *Contam rN+ MR+ Str+3}
 21415 | D        | Got the ring of Sixkiu {rPois rC+ SInv}
 21417 | D        | Got the ring "Uhearep" {rN+ MR+ Str+2}
 21603 | D        | Reached skill level 27 in Fighting
 21652 | D        | Gained mutation: You are frail. (-10% HP) [a cacodemon]
 21653 | D        | Reached skill level 5 in Long Blades
 21753 | D        | Noticed an ancient lich
 21755 | D        | Killed an ancient lich
 22169 | D        | Noticed Louise
 22170 | D        | Killed Louise
 22170 | D        | Reached skill level 10 in Staves
 22179 | D        | Noticed a greater mummy
 22179 | D        | Identified the +5 dagger "Jelly's Curse" {freeze, rPois rF+
                  | MR- Dex+3}
 22179 | D        | Noticed a greater mummy
 22179 | D        | Noticed an ancient lich
 22182 | D        | Noticed an ancient lich
 22183 | D        | Reached XP level 20. HP: 209/212 MP: 32/51
 22183 | D        | Noticed a greater mummy
 22184 | D        | Killed a greater mummy
 22184 | D        | Killed a greater mummy
 22184 | D        | Killed an ancient lich
 22184 | D        | Noticed a bone dragon
 22184 | D        | Noticed a bone dragon
 22186 | D        | Killed an ancient lich
 22186 | D        | Noticed a greater mummy
 22187 | D        | Killed a greater mummy
 22187 | D        | Killed a bone dragon
 22187 | D        | Noticed a bone dragon
 22187 | D        | Identified the +6 long sword "Hahew" {freeze, rF++ MP-9
                  | Dex+5}
 22187 | D        | Noticed a greater mummy
 22200 | D        | Killed a greater mummy
 22371 | D        | Killed a greater mummy
 22371 | D        | Reached skill level 27 in Staves
 22392 | D        | Reached skill level 5 in Conjurations
 23263 | D        | Killed a bone dragon
 23474 | D        | Killed a bone dragon
 23474 | D        | Reached skill level 10 in Armour
 23853 | D        | Got a golden rune of Zot
 24059 | D        | Noticed a pearl dragon
 24061 | D        | Killed a pearl dragon
 24061 | D        | Reached skill level 10 in Conjurations
 24063 | D        | Reached XP level 21. HP: 143/219 MP: 27/52
 24625 | D        | Noticed Mara
 24625 | D        | Noticed Mara
 24625 | D        | Noticed Mara
 24627 | D        | Identified the +7 sceptre of Asmodeus
 24627 | D        | Noticed Asmodeus
 24634 | D        | Reached skill level 15 in Conjurations
 24637 | D        | Killed Mara
 24649 | D        | Killed Asmodeus
 25078 | D        | Noticed Otosh the pandemonium lord
 25085 | D        | Identified the +4 staff of Dispater
 25085 | D        | Noticed Dispater
 25089 | D        | Killed Otosh the pandemonium lord
 25108 | D        | Killed Dispater
 25462 | D        | Noticed a greater mummy
 25462 | D        | Noticed Boris
 25465 | D        | Killed a greater mummy
 25466 | D        | Noticed a curse toe
 25470 | D        | Killed Boris
 25470 | D        | Reached skill level 27 in Conjurations
 25470 | D        | Noticed Sitoysso the pandemonium lord
 25480 | D        | Noticed an ancient lich
 25482 | D        | Noticed Margery
 25483 | D        | Killed Sitoysso the pandemonium lord
 25483 | D        | Reached skill level 15 in Armour
 25490 | D        | Killed Margery
 25490 | D        | Killed a curse toe
 25492 | D        | Killed an ancient lich
 25497 | D        | Noticed an ancient lich
 25671 | D        | Killed an ancient lich
 25671 | D        | Reached XP level 22. HP: 179/228 MP: 53/53
 25948 | D        | Noticed a greater mummy
 25957 | D        | Noticed Antaeus
 25962 | D        | Killed a greater mummy
 25978 | D        | Noticed Cufyus the pandemonium lord
 25986 | D        | Killed Antaeus
 25992 | D        | Killed Cufyus the pandemonium lord
 25992 | D        | Reached skill level 27 in Armour
 25992 | D        | Reached skill level 5 in Throwing
 26194 | D        | Noticed Frederick
 26197 | D        | Killed Frederick
 26617 | D        | Got the Orb of Zot
 26642 | D        | Gained mutation: Your body sometimes deteriorates upon
                  | taking damage. [a cacodemon]
 26643 | D        | Gained mutation: Scrolls take you a little longer to read.
                  | [a cacodemon]
 26710 | D        | Escaped with the Orb!

Illustrated notes

Levels and vault maps discovered:
D:        pitsprint [storerooms_1, entrance_room_1, metal_vault_1, armoury_2,
          mini_pit_1, grid_room_1, main_hall_1, silver_pit, the_coven_3,
          the_vestibule_1, steel_vault_1, golden_pit, hallway_of_sentries,
          crystal_vault_6, iron_vault_5, final_vault]

Skill      XL: |  1  2  3  4  5  6  7  8  9 10 11 12 13 14 15 16 17 18 19 20 21 22 |
---------------+-------------------------------------------------------------------+-----
Spellcasting   | 2 3 4 6 8 9 10 12 13 15 17 19 23 27 | 27.0
Earth Magic    | 6 8 9 11 12 14 15 17 20 22 24 26 27 | 27.0
Transmutations | 1 2 3 |  3.0
Dodging        | 3 4 11 14 19 25 27 | 27.0
Shields        | 3 14 19 23 27 | 27.0
Stealth        | 5 18 21 24 27 | 27.0
Fighting       | 6 10 13 17 27 | 27.0
Evocations     | 10 20 27 | 27.0
Long Blades    | 5 |  5.7
Armour         | 4 12 22 27 | 27.0
Conjurations   | 3 11 27 | 27.0
Staves         | 12 27 | 27.0
Throwing       | 12 | 12.7

Action                   |  1- 3 |  4- 6 |  7- 9 | 10-12 | 13-15 | 16-18 | 19-21 | 22-24 || total
-------------------------+-------+-------+-------+-------+-------+-------+-------+-------++-------
Melee: Unarmed           |     4 |       |       |       |       |       |       |       ||     4
       Dagger            |       |       |       |     1 |       |       |       |       ||     1
 Cast: Sandblast         |    21 |    11 |       |     2 |       |       |       |       ||    34
       Lee's Rapid Decon |       |    10 |    18 |   117 |   219 |   201 |   106 |    12 ||   683
       Petrify           |       |       |     2 |     1 |     3 |     1 |       |       ||     7
       Shatter           |       |       |       |       |       |     6 |    20 |     7 ||    33
       Iron Shot         |       |       |       |       |       |     1 |     2 |     1 ||     4
       Lehudib's Crystal |       |       |       |       |       |       |     5 |     2 ||     7
Invok: Call Merchant     |       |       |       |     5 |     4 |     6 |       |       ||    15
       Potion Petition   |       |       |       |     1 |     1 |     7 |    27 |     5 ||    41
 Abil: Stop Flying       |       |       |       |     1 |       |       |       |       ||     1
Evoke: Box of beasts     |       |       |       |       |     5 |    34 |    57 |    19 ||   115
       Condenser vane    |       |       |       |       |     1 |    14 |     7 |       ||    22
       Phial of floods   |       |       |       |       |       |     1 |       |       ||     1
       Horn of Geryon    |       |       |       |       |       |     1 |     3 |     1 ||     5
       Lightning rod     |       |       |       |       |       |       |     1 |       ||     1
  Use: Potion            |     1 |     1 |     2 |    10 |    25 |    24 |    10 |       ||    73
       Scroll            |       |       |       |     3 |     4 |       |     1 |       ||     8
Armor: Robe              |     2 |       |     1 |     1 |     1 |       |     1 |     1 ||     7
       Skin              |       |       |       |       |     1 |       |       |       ||     1
Dodge: Dodged            |     5 |     2 |     3 |     3 |    33 |    48 |    47 |    12 ||   153
Block: Buckler           |       |       |       |     4 |    16 |    23 |    25 |    11 ||    79
       Reflection        |       |       |       |       |     4 |     2 |     2 |       ||     8
       Rpst.: Staff      |       |       |       |       |       |     5 |     6 |     3 ||    14

Table legend: (Time is in decaauts) A = Elapsed time spent in this place. B = Non-inter-level travel time spent in this place. C = Inter-level travel time spent in this place. D = Time resting spent in this place. E = Time spent auto-exploring this place. F = Levels seen in this place. G = Mean time per level. A B C D E F G +--------+--------+--------+--------+--------+-----+--------+ Total | 26660 | 25838 | 822 | 20237 | 892 | 1 | 26660.0 | Dungeon | 26660 | 25838 | 822 | 20237 | 892 | 1 | 26660.0 | +--------+--------+--------+--------+--------+-----+--------+

Top non-repeatable levels by time:
       D: 26660 daAuts
